 Dungeon Crawl Stone Soup version 0.31-a0-620-gd1cbd99268 (webtiles) character file.

Game seed: 14766574240773524066

3786 GordonOverkill the Tainter (level 10, -2/49 HPs)
             Began as a Vine Stalker Delver on Aug 23, 2023.
             Was a Follower of Vehumet.
             Slain by an orc warlord
             ... wielding a +3 battleaxe
              (12 damage)
             ... in a bailey.
             The game lasted 00:12:58 (5879 turns).

GordonOverkill the Tainter (Vine Stalker Delver)    Turns: 5879, Time: 00:12:58

Health: -2/49      AC: 15    Str: 15    XL:     10   Next: 16%
Magic:  0/21       EV: 12    Int: 14    God:    Vehumet [*.....]
Gold:   349        SH:  0    Dex: 19    Spells: 19/23 levels left

rFire   . . .        x - +6 trident of Intuition {protect, Dex+3}
rCold   + . .        (no shield)
rNeg    . . .        y - +0 leather armour {rC+}
rPois   .            b - +1 hat
rElec   .            h - scarf {shadows}
rCorr   .            (no gloves)
SInv    .            (no boots)
Will    +....        e - amulet of magic regeneration
Stlth   +++          f - +4 ring of protection
HPRegen 1.08/turn    (no ring)
MPRegen 0.57/turn

%: guardian spirit
@: under a protective aura
A: fangs 3, regeneration 1, magic shield, antimagic bite, no potion heal 2
a: Renounce Religion


You were in a bailey.
You worshipped Vehumet.
Vehumet was aware of your devotion.
You visited 2 branches of the dungeon, and saw 9 of its levels.
You also visited: Bailey.

You collected 394 gold pieces.
You spent 45 gold pieces at shops.

Inventory:

Hand Weapons
 x - the +6 trident of Intuition (weapon) {protect, Dex+3}
   (You found it on level 3 of the Dungeon)

   Dex+3:     It affects your dexterity (+3).
Missiles
 l - 14 poisoned darts (quivered)
Armour
 b - a +1 hat (worn)
 h - a scarf of shadows (worn)
 y - a +0 leather armour of cold resistance (worn)
 z - a +0 scale mail
Jewellery
 e - an amulet of magic regeneration (around neck)
 f - a +4 ring of protection (left hand)
Wands
 g - a wand of digging (3)
 s - a wand of paralysis (3)
 w - a wand of flame (30)
 F - a wand of mindburst (3)
 G - a wand of iceblast (9)
Scrolls
 a - a scroll of enchant weapon {unknown}
 c - a scroll of fog
 d - 2 scrolls of revelation
 j - a scroll of vulnerability {unknown}
 k - 2 scrolls of amnesia
 m - a scroll of noise {unknown}
 o - a scroll of enchant armour {unknown}
 p - 2 scrolls of teleportation
 q - a scroll of immolation
 r - 3 scrolls of fear
 u - a scroll of poison
 v - a scroll of summoning {unknown}
Potions
 i - 3 potions of curing
 n - 2 potions of magic
 t - a potion of ambrosia
 A - 2 potions of heal wounds
 B - a potion of invisibility
 C - a potion of berserk rage
 D - 2 potions of resistance
 E - 2 potions of might {unknown}


   Skills:
 - Level 3.0 Fighting
 - Level 2.0 Short Blades
 - Level 6.0 Polearms
 - Level 2.0 Throwing
 - Level 2.0 Dodging
 - Level 6.0 Stealth
 - Level 7.0 Spellcasting
 + Level 9.2 Poison Magic
 - Level 3.0 Evocations


You had 19 spell levels left.
You knew the following spells:

 Your Spells              Type           Power      Damage    Failure   Level
a - Olgreb's Toxic Radia  Pois           30%        N/A       3%          4

Your spell library contained the following spells:

 Spells                   Type           Power      Damage    Failure   Level
 Sandblast                Erth           8%         2d5       17%         1
 Sting                    Tmut/Pois      68%        1d6       2%          1
 Poisonous Vapours        Pois/Air       34%        N/A       4%          2
 Portal Projectile        Hex/Tloc       8%         N/A       45%         3
 Stone Arrow              Conj/Erth      8%         3d7       45%         3
 Tukima's Dance           Hex            4%         N/A       45%         3
 Animate Armour           Summ/Erth      8%         N/A       86%         4
 Iskenderun's Mystic Bla  Conj/Tloc      4%         2d3       86%         4
 Malign Gateway           Summ/Tloc      2%         N/A       100%        7
 Lehudib's Crystal Spear  Conj/Erth      2%         10d2      100%        8
 Summon Horrible Things   Summ           2%         N/A       100%        8


Dungeon Overview and Level Annotations

Branches:
Dungeon (8/15)             Temple (1/1) D:6          Bailey (1/1)
   Lair: D:8-11

Altars:
Ashenzari
Cheibriados
Elyvilon
Fedhas
Gozag
Hepliaklqana
Makhleb
Nemelex Xobeh
Okawaru
Ru
Sif Muna
Trog
Uskayaw
Vehumet
Xom
Yredelemnul
Zin
The Shining One

Shops:
D:2 *

Annotations:
D:7 exclusion: upstairs


Innate Abilities, Weirdness & Mutations

You have razor-sharp teeth.
Your natural rate of healing is unusually fast.
When hurt, damage is shared between your health and your magic reserves.
Your bite disrupts and absorbs the magic of your enemies.
Potions cannot restore your health.


Message History

The orc warrior looks as sick as possible!
Your toxic aura wanes.
You kill the orc warrior!
Vehumet accepts your kill.
There is an open door here.
Items here: )) [[ ††.
You kill the orc warrior!
Vehumet accepts your kill.
Things that are here:
a +0 hand axe; a +0 leather armour
Casting: Olgreb's Toxic Radiance (dangerous; 3% risk of failure)
Confirm with . or Enter, or press ? or * to list all spells.
You begin to radiate toxic energy.
The orc warlord looks even sicker.
The orc warlord looks as sick as possible!
Your toxic aura wanes.
Things that are here:
a +0 hand axe; a +0 leather armour; a gnoll corpse
There is an open door here.
Casting: Olgreb's Toxic Radiance (dangerous; 3% risk of failure)
Confirm with . or Enter, or press ? or * to list all spells.
You begin to radiate toxic energy.
The orc warlord hits you with a +3 battleaxe!!
You hit the orc warlord but do no damage.
Your weapon exudes an aura of protection.
Your bite misses the orc warlord.
The orc warlord is heavily wounded.
The orc warlord looks as sick as possible!
Your toxic aura wanes.
The orc warlord hits you with a +3 battleaxe!
* * * LOW HITPOINT WARNING * * *
You hit the orc warlord.
You bite the orc warlord, but do no damage.
The orc warlord is heavily wounded.
The orc warlord hits you with a +3 battleaxe!!
* * * LOW HITPOINT WARNING * * *
You puncture the orc warlord!
You bite the orc warlord, but do no damage.
The orc warlord is heavily wounded.
The orc warlord hits you with a +3 battleaxe!
You die...

♣♣♣♣♣♣ ### ♣♣....♣♣♣
###.#+#
♣.......♣###.....###
♣♣♣......##........)##
♣........#...........#
♣........'...........#
♣...∩.∩..).....⌠.....#
♣........'...@.......#
♣♣.......#....o......#
♣.......##......)..###
♣♣....♣♣♣###.....###.###
♣♣...♣ ###.#'#)).).###
## ♣♣♣♣♣
###.)..)....###.
#...........#..
#...))......#.o
#.....⌠.....#))


You could see an orc warlord (extremely poisoned).

Vanquished Creatures
  Sigmund (D:2)
  A steam dragon (D:6)
  Edmund (D:5)
  3 water moccasins
  8 orc warriors (Bailey)
  An ice beast (D:7)
  2 black bears (D:5)
  A sky beast (D:7)
  2 ogres
  2 centaurs
  2 phantoms
  A bullfrog (D:6)
  4 scorpions
  A howler monkey (D:6)
  4 gnoll boudas
  2 jellies (D:5)
  7 hounds
  4 sleepcaps
  3 orc wizards
  2 iguanas (D:5)
  35 gnolls
  3 adders
  2 shadow imps
  A white imp (D:7)
  An ufetubus (D:5)
  3 worms
  7 dart slugs
  21 orcs
  5 ball pythons
  9 endoplasms
  A giant cockroach (D:2)
  11 goblins
  4 hobgoblins
  5 kobolds
  3 quokkas
  3 bats (D:1)
  3 frilled lizards
  8 rats
177 creatures vanquished.

Notes
Turn   | Place    | Note
-------+----------+-------------------------------------------
     0 | D:5      | GordonOverkill the Vine Stalker Delver began the quest for
                  | the Orb.
     0 | D:5      | Reached XP level 1. HP: 11/11 MP: 2/2
    44 | D:7      | Reached XP level 2. HP: 16/16 MP: 3/3
    70 | D:5      | Noticed a scorpion
   219 | D:2      | Reached XP level 3. HP: 20/20 MP: 3/5
   321 | D:1      | Found a faded altar of an unknown god.
   327 | D:1      | Reached skill level 1 in Spellcasting
   332 | D:1      | Reached skill level 1 in Poison Magic
   711 | D:1      | Reached skill level 1 in Throwing
  1110 | D:2      | Found a glowing golden altar of the Shining One.
  1351 | D:2      | Noticed Sigmund
  1381 | D:2      | Killed Sigmund
  1382 | D:2      | Reached skill level 2 in Poison Magic
  1382 | D:2      | Gained mutation: Your natural rate of healing is unusually
                  | fast. [Vine Stalker growth]
  1382 | D:2      | Reached XP level 4. HP: 3/24 MP: 2/9
  1382 | D:2      | Reached XP level 5. HP: 4/28 MP: 2/10
  1567 | D:2      | Reached skill level 3 in Poison Magic
  1567 | D:2      | Reached XP level 6. HP: 16/32 MP: 7/11
  1880 | D:2      | Found Alubomott's Assorted Antiques.
  1884 | D:2      | Bought a puce potion for 21 gold pieces
  1884 | D:2      | Bought a scroll labelled ATHREL TAMEMN for 24 gold pieces
  2056 | D:3      | Found a shimmering altar of Xom.
  2089 | D:3      | Found a hide-covered altar of Uskayaw.
  2164 | D:3      | Identified the +6 trident of Intuition {protect, Dex+3}
  2322 | D:3      | Found a sacrificial altar of Ru.
  2550 | D:4      | Reached skill level 1 in Polearms
  2607 | D:4      | Noticed a water moccasin
  2680 | D:4      | Found a blossoming altar of Fedhas.
  2686 | D:4      | Reached skill level 4 in Poison Magic
  2698 | D:4      | Killed a water moccasin
  2699 | D:4      | Reached XP level 7. HP: 18/36 MP: 8/12
  3047 | D:5      | Identified the +1 robe "Inlier" {Harm Slay+2}
  3113 | D:5      | Reached skill level 1 in Evocations
  3335 | D:5      | Reached skill level 5 in Poison Magic
  3335 | D:5      | Gained mutation: You have razor-sharp teeth. [Vine Stalker
                  | growth]
  3335 | D:5      | Reached XP level 8. HP: 30/40 MP: 8/14
  3440 | D:5      | Noticed Edmund
  3459 | D:5      | Killed Edmund
  3574 | D:5      | Found an opulent altar of Gozag.
  3906 | D:6      | Reached skill level 5 in Polearms
  4049 | D:6      | Found a staircase to the Ecumenical Temple.
  4075 | D:5      | Reached XP level 9. HP: 43/44 MP: 15/17
  4080 | D:5      | Reached skill level 5 in Spellcasting
  4152 | D:6      | Reached skill level 6 in Poison Magic
  4160 | Temple   | Entered the Ecumenical Temple
  4173 | Temple   | Became a worshipper of Vehumet
  4239 | D:6      | Found a shimmering blue altar of Sif Muna.
  4340 | D:6      | Reached skill level 7 in Poison Magic
  4357 | D:6      | Learned a level 4 spell: Olgreb's Toxic Radiance
  4718 | D:7      | Found a basalt altar of Yredelemnul.
  4992 | D:7      | Reached * piety under Vehumet
  4992 | D:7      | Offered knowledge of Sandblast by Vehumet.
  5656 | D:8      | Found a flagged portal.
  5668 | Bailey   | Entered a bailey
  5693 | Bailey   | Reached skill level 8 in Poison Magic
  5779 | Bailey   | Reached XP level 10. HP: 49/49 MP: 15/21
  5844 | Bailey   | Reached skill level 9 in Poison Magic
  5844 | Bailey   | Noticed an orc warlord
  5879 | Bailey   | Slain by an orc warlord

Illustrated notes

Levels and vault maps discovered:
D:1:      pf_arrival_petrified_forest, layout_basic,
          dreamdust_ecumenical_altar_statues
D:2:      layout_basic, serial_shops, nicolae_shop_back_alley_shop, basic_altar,
          hangedman_decor_push, minmay_misc_feat_secret_circle, corner_web_ring,
          uniq_sigmund
D:3:      layout_rooms, nicolae_ru_the_path_less_chosen,
          mainiacjoe_overflow_two_lobes
D:4:      layout_rooms, mainiacjoe_overflow_boulevard
D:5:      minmay_spotlight, layout_basic, mainiacjoe_overflow_alcove_4,
          grunt_decor_mini_mirrors, uniq_edmund
D:6:      layout_basic, old_standard_altar, minmay_temple_entry_sparse_star,
          kennysheep_generic_room_6
D:7:      layout_loops_ring, mainiacjoe_overflow_paths, grunt_decor_clamped
D:8:      layout_layer_cave, minitemple, enter_bailey_3
Temple:   dpeg_chambers_temple
Bailey:   bailey_axe_minmay_hex_keep, bailey

Skill      XL: |  1  2  3  4  5  6  7  8  9 10 |
---------------+-------------------------------+-----
Short Blades   | 2 |  2.0
Dodging        | 2 |  2.0
Fighting       | 3 |  3.0
Spellcasting   | 3 4 6 7 |  7.0
Poison Magic   | 2 3 4 5 8 9 |  9.2
Throwing       | 2 |  2.0
Polearms       | 2 3 6 |  6.0
Evocations     | 1 3 |  3.0
Stealth        | |  6.0

Action                     |  1- 3 |  4- 6 |  7- 9 | 10-12 || total
---------------------------+-------+-------+-------+-------++-------
  Melee: Short sword       |    97 |    12 |       |       ||   109
         Bite              |    29 |    21 |    73 |     4 ||   127
         Punch             |     2 |       |     6 |       ||     8
         Trident           |       |    52 |   286 |    13 ||   351
         Spear             |       |    29 |       |       ||    29
  Throw: Dart              |     1 |       |       |       ||     1
   Cast: Olgreb's Toxic Ra |       |       |    10 |    10 ||    20
  Evoke: Wand              |       |       |     5 |       ||     5
    Use: Potion            |     1 |     1 |       |       ||     2
         Scroll            |       |     3 |     7 |       ||    10
   Stab: Sleeping          |    15 |     8 |    12 |       ||    35
         Distracted        |       |       |     2 |       ||     2
 Armour: Leather armour    |    10 |    21 |   123 |     3 ||   157
  Dodge: Dodged            |    39 |    43 |   169 |     2 ||   253

Table legend: (Time is in decaauts)
 A = Elapsed time spent in this place.
 B = Non-inter-level travel time spent in this place.
 C = Inter-level travel time spent in this place.
 D = Time resting spent in this place.
 E = Time spent auto-exploring this place.
 F = Levels seen in this place.
 G = Mean time per level.
                   A        B        C        D        E       F      G
               +--------+--------+--------+--------+--------+-----+--------+
         Total |   5886 |   5587 |    299 |    190 |   3908 |  10 |  588.6 |
       Dungeon |   5649 |   5374 |    275 |    148 |   3897 |   8 |  706.1 |
        Temple |     26 |      2 |     24 |      0 |      0 |   1 |   26.0 |
        Bailey |    210 |    210 |      0 |     42 |     11 |   1 |  210.0 |
               +--------+--------+--------+--------+--------+-----+--------+

Top non-repeatable levels by time:
     D:5: 1199 daAuts
     D:7: 879 daAuts
     D:2: 876 daAuts
     D:1: 872 daAuts
     D:6: 694 daAuts
     D:3: 568 daAuts
     D:4: 469 daAuts
  Bailey: 210 daAuts
     D:8: 89 daAuts
  Temple: 26 daAuts
